 Dungeon Crawl Stone Soup version 0.31-a0-845-g9abc20d24f (webtiles) character file.

Game seed: 17188562620650758856

22514 arthad the Ogre Mage (level 13, -2/130 HPs)
             Began as an Ogre Air Elementalist on Oct 2, 2023.
             Was a Priest of Vehumet.
             Killed by an exploding ball lightning (9 damage)
             ... on level 13 of the Dungeon.
             The game lasted 00:42:45 (17540 turns).

arthad the Ogre Mage (Ogre Air Elementalist)       Turns: 17540, Time: 00:42:46

Health: -2/130     AC: 12    Str: 15      XL:     13   Next: 0%
Magic:  18/36      EV: 10    Int: 19 (20) God:    Vehumet [***...]
Gold:   982        SH:  0    Dex:  9      Spells: 4/33 levels left

rFire   . . .        P - +8 Vampire's Tooth {megavamp}
rCold   . . .        (no shield)
rNeg    . . .        O - +0 acid dragon scales
rPois   .            (helmet restricted)
rElec   .            M - +0 cloak
rCorr   +            (gloves unavailable)
SInv    .            (boots unavailable)
Will    +....        J - amulet of regeneration
Stlth   ++           z - +4 ring of protection
HPRegen 1.21/turn    Z - ring of magical power
MPRegen 0.25/turn

%: no passive effects
@: no status effects
A: large, unfitting armour, tough skin 1
a: Renounce Religion


You were on level 13 of the Dungeon.
You worshipped Vehumet.
Vehumet was most pleased with you.
You visited 2 branches of the dungeon, and saw 14 of its levels.

You collected 982 gold pieces.

Inventory:

Hand Weapons
 c - a +1 whip of pain
 e - a +3 short sword of venom
 p - a +0 vampiric halberd
 x - a +3 whip of venom
 B - a +4 hand axe
 H - a +3 trident of draining
 K - a +0 sling of freezing
 L - a +4 quarterstaff of chaos
 P - the +8 Vampire's Tooth (weapon) {megavamp}
   (You acquired it on level 12 of the Dungeon)
Missiles
 r - 4 throwing nets
 u - 12 large rocks
 y - 10 poisoned darts
 D - 13 boomerangs
 V - 6 datura-tipped darts
Armour
 j - a +2 robe of cold resistance
 w - a +0 robe of fire resistance
 F - a +0 troll leather armour
 I - an orb of mayhem
 M - a +0 cloak (worn)
 O - +0 acid dragon scales (worn)
Jewellery
 a - a ring of positive energy
 z - a +4 ring of protection (left hand)
 G - a +6 ring of strength
 J - an amulet of regeneration (around neck)
 Y - a ring of willpower
 Z - a ring of magical power (right hand)
Wands
 k - a wand of mindburst (14)
 o - a wand of roots (4)
 v - a wand of quicksilver (10)
 E - a wand of paralysis (9)
 U - a wand of polymorph (6)
 W - a wand of digging (7)
Scrolls
 f - 2 scrolls of enchant armour
 g - 5 scrolls of teleportation
 h - 4 scrolls of poison
 i - a scroll of torment {unknown}
 l - 2 scrolls of revelation
 n - 5 scrolls of fog
 q - a scroll of brand weapon {unknown}
 Q - a scroll of vulnerability {unknown}
 R - a scroll of blinking {unknown}
 T - a scroll of enchant weapon
 X - a scroll of immolation {unknown}
Potions
 b - 2 potions of magic
 d - 2 potions of curing
 m - a potion of lignification {unknown}
 s - 3 potions of mutation {unknown}
 t - 2 potions of brilliance
 C - 2 potions of resistance {unknown}
 N - 2 potions of haste {unknown}
 S - a potion of might {unknown}


   Skills:
 + Level 8.8 Fighting
 + Level 1.3 Short Blades
 + Level 1.4 Throwing
 + Level 1.1 Armour
 + Level 6.3 Dodging
 + Level 5.7 Stealth
 * Level 10.8 Spellcasting
 * Level 8.9 Conjurations
 + Level 5.7 Translocations
 * Level 9.2 Air Magic
 + Level 1.1 Evocations


You had 4 spell levels left.
You knew the following spells:

 Your Spells              Type           Power      Damage    Failure   Level
a - Shock                 Conj/Air       100%       1d9       1%          1
b - Static Discharge      Conj/Air       88%        2-6/arc   1%          2
c - Swiftness             Air            45%        N/A       1%          3
d - Blink                 Tloc           64%        N/A       1%          2
e - Airstrike             Air            22%        2d(4-20)  1%          4
f - Gell's Gravitas       Tloc           32%        N/A       2%          3
g - Teleport Other        Tloc           32%        N/A       2%          3
h - Iskenderun's Battles  Conj           44%        2d10      1%          5
i - Conjure Ball Lightni  Conj/Air       22%        3x3d6     10%         6

Your spell library contained the following spells:

 Spells                   Type           Power      Damage    Failure   Level
 Frozen Ramparts          Ice            20%        1d4       8%          3
 Lesser Beckoning         Tloc           64%        N/A       1%          2
 Momentum Strike          Conj/Tloc      76%        3d10      1%          2
 Poisonous Vapours        Pois/Air       54%        N/A       1%          2
 Dazzling Flash           Conj/Hex       54%        N/A       1%          3
 Mephitic Cloud           Conj/Pois/Air  33%        N/A       1%          3
 Volatile Blastmotes      Fire/Tloc      42%        2d13      2%          3
 Brom's Barrelling Bould  Conj/Erth      27%        2d5       4%          4
 Ensorcelled Hibernation  Hex/Ice        20%        N/A       14%         2
 Passwall                 Tmut/Erth      8%         N/A       14%         2
 Freezing Cloud           Conj/Ice/Air   16%        6-21      6%          5
 Fireball                 Conj/Fire      13%        3d7       11%         5
 Orb of Destruction       Conj           22%        9d8       45%         7
 Starburst                Conj/Fire      13%        6d6       50%         6
 Maxwell's Capacitive Co  Air            22%        ∞         96%         8


Dungeon Overview and Level Annotations

Branches:
Dungeon (13/15)            Temple (1/1) D:7            Lair (0/5) D:10
    Orc (0/2) D:9
 Vaults: D:13-14

Altars:
Ashenzari
Cheibriados
Dithmenos
Elyvilon
Fedhas
Gozag
Hepliaklqana
Kikubaaqudgha
Makhleb
Nemelex Xobeh
Okawaru
Qazlal
Ru
Sif Muna
Trog
Uskayaw
Vehumet
Wu Jian
Xom
Yredelemnul
Zin
The Shining One

Shops:
D:9 (

Annotations:
D:10 2 transporters, Supercliff's ghost, novice DECj


Innate Abilities, Weirdness & Mutations

You are too large for most types of armour.
You have tough skin. (AC +1)


Message History

The vault guard is severely wounded.
The blast of lightning engulfs you!
Your ball lightning explodes!
The blast of lightning engulfs your ball lightning.
Your ball lightning completely resists.
The blast of lightning engulfs the vault guard!
The vault guard is almost dead.
The blast of lightning engulfs you!
The blast of lightning engulfs the centaur warrior!
The centaur warrior is moderately wounded.
Your ball lightning explodes!
The blast of lightning engulfs you!
* * * LOW HITPOINT WARNING * * *
The blast of lightning engulfs the centaur warrior!
The centaur warrior is heavily wounded.
The blast of lightning engulfs the vault guard!
The vault guard is almost dead.
The centaur warrior wields a +0 orcbow.
The centaur warrior shoots an arrow.
The arrow hits you but does no damage.
Okay, then.
Casting: Conjure Ball Lightning (dangerous; 10% risk of failure)
Confirm with . or Enter, or press ? or * to list all spells.
You create some ball lightning! 3 ball lightnings come into view.
The centaur warrior shoots an arrow.
The arrow hits you.
* * * LOW HITPOINT WARNING * * *
The vault guard hits you from afar with a +3 heavy halberd!!
* * * LOW HITPOINT WARNING * * *
Your ball lightning explodes!
The blast of lightning engulfs your ball lightning.
Your ball lightning completely resists.
The blast of lightning engulfs you!
* * * LOW HITPOINT WARNING * * *
Vehumet accepts your kill.
You feel your power returning.
You feel a bit more experienced.
The blast of lightning engulfs the centaur warrior!
The centaur warrior is severely wounded.
Your ball lightning explodes!
The blast of lightning engulfs you!
You die...

#..##..#.#
#.######..##..#.#
.....§§§§†##..#.#
#.######.[<.....#
#####..###
#..#######
#p........
#########c.#######
.....*§@.........
.......§..##.....
########### #####


You could see a centaur warrior and a friendly ball lightning (wandering).

Vanquished Creatures
  2 hydras
  Fannar (D:11)
  A vault guard (D:13)
  3 boulder beetles
  4 two-headed ogres
  A glowing orange brain (D:13)
  A cyclops (D:12)
  2 ugly things
  A manticore (D:12)
  Joseph (D:7)
  2 gargoyles
  An unseen horror (D:7)
  Jeremiah (D:7)
  A komodo dragon (D:11)
  A tengu conjurer (D:13)
  5 trolls
  A slime creature (D:11)
  2 shadows
  A vampire (D:10)
  4 wraiths
  15 yaks
  A wyvern (D:9)
  A basilisk (D:11)
  8 vampire mosquitoes
  A steam dragon (D:8)
  An acid dragon (D:8)
  Edmund (D:4)
  5 orc warriors
  7 water moccasins
  2 sky beasts
  4 black bears
  3 ogres
  12 centaurs
  2 phantoms
  12 bullfrogs
  5 scorpions
  8 wights
  18 killer bees
  2 howler monkeys (D:7)
  3 hounds
  6 orc priests
  Crazy Yiuf (D:7)
  4 jellies
  3 sleepcaps
  2 gnoll boudas
  4 iguanas
  8 orc wizards
  26 gnolls
  7 adders
  4 shadow imps
  2 white imps
  3 ufetubi
  2 dart slugs
  2 worms
  27 orcs
  4 ball pythons
  7 bats
  6 endoplasms
  2 giant cockroaches
  5 hobgoblins
  10 jackals
  5 quokkas
  5 frilled lizards
  6 goblins
  14 kobolds
  5 rats (D:1)
317 creatures vanquished.

Vanquished Creatures (others)
  52 ball lightnings
52 creatures vanquished.

Grand Total: 369 creatures vanquished

Notes
Turn   | Place    | Note
-------+----------+-------------------------------------------
     0 | D:1      | arthad the Ogre Air Elementalist began the quest for the
                  | Orb.
     0 | D:1      | Reached XP level 1. HP: 16/16 MP: 3/3
   121 | D:1      | Reached skill level 1 in Conjurations
   226 | D:1      | Reached XP level 2. HP: 26/26 MP: 2/5
   836 | D:1      | Found a faded altar of an unknown god.
   952 | D:1      | Reached XP level 3. HP: 32/32 MP: 5/7
  1304 | D:1      | Reached skill level 1 in Fighting
  1508 | D:2      | Found a shimmering altar of Xom.
  1516 | D:2      | Reached skill level 3 in Spellcasting
  1551 | D:2      | Learned a level 2 spell: Static Discharge
  1555 | D:2      | Learned a level 3 spell: Swiftness
  1776 | D:2      | Reached XP level 4. HP: 29/41 MP: 8/8
  2131 | D:2      | Reached XP level 5. HP: 48/48 MP: 0/10
  2667 | D:3      | Found a transporter.
  2781 | D:3      | Found a broken altar of Ashenzari.
  3336 | D:3      | Found a transporter.
  3711 | D:3      | Reached XP level 6. HP: 57/57 MP: 7/11
  3917 | D:4      | Learned a level 2 spell: Blink
  3922 | D:4      | Learned a level 4 spell: Airstrike
  3930 | D:4      | Found a glowing silver altar of Zin.
  3930 | D:4      | Noticed an angel
  4395 | D:4      | Reached skill level 4 in Spellcasting
  4655 | D:4      | Found a stormy altar of Qazlal.
  4708 | D:4      | Reached XP level 7. HP: 55/66 MP: 4/13
  4783 | D:4      | Noticed Edmund
  4794 | D:4      | Killed Edmund
  4795 | D:4      | Reached skill level 1 in Translocations
  5193 | D:5      | Entered Level 5 of the Dungeon
  5195 | D:5      | Noticed a troll
  5579 | D:5      | Reached XP level 8. HP: 57/75 MP: 1/15
  5822 | D:5      | Killed a troll
  5823 | D:5      | Reached skill level 5 in Spellcasting
  6413 | D:5      | Reached skill level 5 in Air Magic
  6563 | D:5      | Found a blossoming altar of Fedhas.
  6563 | D:5      | Found a basalt altar of Yredelemnul.
  6887 | D:6      | Reached XP level 9. HP: 79/85 MP: 3/17
  6915 | D:6      | Learned a level 3 spell: Gell's Gravitas
  6919 | D:6      | Learned a level 3 spell: Teleport Other
  7091 | D:6      | Reached skill level 6 in Spellcasting
  7717 | D:6      | Reached skill level 5 in Conjurations
  8415 | D:7      | Reached skill level 5 in Fighting
  8707 | D:7      | Noticed a six-headed hydra
  8710 | D:7      | Noticed a manticore
  8816 | D:7      | Found a sacrificial altar of Ru.
  8851 | D:7      | Killed a six-headed hydra
  8852 | D:7      | Reached skill level 7 in Spellcasting
  8852 | D:7      | Reached XP level 10. HP: 40/97 MP: 6/20
  9253 | D:7      | Killed an unseen horror
 10044 | D:7      | Noticed Jeremiah
 10067 | D:7      | Killed Jeremiah
 10206 | D:7      | Found a staircase to the Ecumenical Temple.
 10263 | Temple   | Entered the Ecumenical Temple
 10283 | Temple   | Became a worshipper of Vehumet
 10471 | D:7      | Noticed Joseph
 10487 | D:7      | Reached skill level 8 in Spellcasting
 10499 | D:7      | Killed Joseph
 10669 | D:7      | Found a runed translucent door.
 10670 | D:7      | Noticed Crazy Yiuf
 10848 | D:7      | Killed Crazy Yiuf
 11318 | D:8      | Reached skill level 5 in Dodging
 11318 | D:8      | Reached XP level 11. HP: 79/107 MP: 9/23
 11552 | D:8      | Reached * piety under Vehumet
 11552 | D:8      | Offered knowledge of Kiss of Death by Vehumet.
 12150 | D:9      | Found a staircase to the Orcish Mines.
 12286 | D:9      | Found Husizac's Firing Range.
 12571 | D:9      | Reached ** piety under Vehumet
 12571 | D:9      | Offered knowledge of Scorch by Vehumet.
 12693 | D:9      | Reached skill level 9 in Spellcasting
 12840 | D:9      | Noticed a two-headed ogre
 12853 | D:9      | Killed a two-headed ogre
 13205 | D:10     | Entered Level 10 of the Dungeon
 13777 | D:10     | Reached skill level 5 in Stealth
 13967 | D:10     | Found a staircase to the Lair.
 14039 | D:10     | Noticed a moth of wrath
 14049 | D:10     | Noticed Supercliff's ghost (novice DECj)
 14051 | D:10     | Found a bloodstained altar of Trog.
 14052 | D:10     | Noticed a two-headed ogre
 14058 | D:10     | Found a transporter.
 14084 | D:10     | Found a transporter.
 14084 | D:10     | Noticed a deep troll
 14294 | D:10     | Found an iron altar of Okawaru.
 14620 | D:11     | Noticed Fannar
 14622 | D:11     | Noticed a two-headed ogre
 14644 | D:11     | Killed a two-headed ogre
 14645 | D:11     | Reached skill level 5 in Translocations
 14645 | D:11     | Reached XP level 12. HP: 58/119 MP: 18/25
 14645 | D:11     | Offered knowledge of Frozen Ramparts by Vehumet.
 14655 | D:11     | Killed Fannar
 14854 | D:11     | Noticed a boulder beetle
 14894 | D:11     | Killed a boulder beetle
 14895 | D:11     | Reached skill level 10 in Spellcasting
 15869 | D:12     | Noticed a two-headed ogre
 15880 | D:12     | Killed a two-headed ogre
 15990 | D:12     | Reached *** piety under Vehumet
 16232 | D:12     | Found a hide-covered altar of Uskayaw.
 16237 | D:12     | Identified 2 scrolls of acquirement
 16238 | D:12     | Acquired a book of the Spheres
 16240 | D:12     | Acquired the +8 Vampire's Tooth {megavamp}
 16240 | D:12     | Found the +8 Vampire's Tooth {megavamp}
 16370 | D:12     | Noticed a two-headed ogre
 16380 | D:12     | Killed a two-headed ogre
 16388 | D:12     | Learned a level 5 spell: Iskenderun's Battlesphere
 16395 | D:12     | Learned a level 6 spell: Conjure Ball Lightning
 16522 | D:12     | Noticed a boulder beetle
 16536 | D:12     | Killed a boulder beetle
 16756 | D:12     | Noticed a boulder beetle
 16771 | D:12     | Killed a boulder beetle
 16910 | D:12     | Reached skill level 1 in Short Blades
 16954 | D:12     | Identified the +1 leather armour "Ihoidir" {Harm Str+4}
 17051 | D:13     | Noticed a boulder beetle
 17058 | D:13     | HP: 4/122 [boulder beetle (16)]
 17206 | D:13     | Noticed a centaur warrior
 17341 | D:13     | Noticed a four-headed hydra
 17346 | D:13     | Killed a four-headed hydra
 17347 | D:13     | Reached skill level 1 in Throwing
 17365 | D:13     | Reached skill level 1 in Armour
 17365 | D:13     | Reached skill level 1 in Evocations
 17475 | D:13     | Reached XP level 13. HP: 82/130 MP: 27/27
 17524 | D:13     | Noticed a vault guard
 17540 | D:13     | Killed a vault guard
 17540 | D:13     | Killed by an exploding ball lightning

Illustrated notes

Levels and vault maps discovered:
D:1:      kennysheep_arrival_forest, layout_loops_ring, basic_ecumenical_altar,
          nrook_mini_backslash
D:2:      layout_rooms, basic_altar
D:3:      gammafunk_wand_slinger, layout_loops_ring, mainiacjoe_overflow_catwalk
D:4:      layout_basic, grunt_qazlal_clouds, zin_angel, kennysheep_flooded_box,
          uniq_edmund
D:5:      layout_loops_ring, amethyst_overflow_temple_binary
D:6:      layout_loops_corners, kennysheep_potato
D:7:      nzn_winding_woodlands_medium [nzn_winding_woodlands_5x5_three,
          nzn_winding_woodlands_5x15_jagged, nzn_winding_woodlands_5x5_cross,
          nzn_winding_woodlands_5x5_perimeter,
          nzn_winding_woodlands_center_triple_pond,
          nzn_winding_woodlands_5x5_default,
          nzn_winding_woodlands_5x5_checkerboard,
          nzn_winding_woodlands_5x15_twine, nzn_winding_woodlands_5x5_default],
          layout_loops_corners, kennysheep_mini_moat, temple_hall,
          uniq_jeremiah, uniq_crazy_yiuf_cottage, uniq_joseph
D:8:      layout_basic, hangedman_abyss_or_decor_stagger
D:9:      layout_stronghold, minmay_orc_entry_temple_small,
          nicolae_shop_firing_range
D:10:     layout_basic, general_overflow_altar, due_lair_maze_entry_diamond,
          gammafunk_ghost_wrathful_warriors
D:11:     minmay_spotlight, layout_loops_ring, uniq_fannar
D:12:     layout_small_grid, nicolae_uskayaw_dance_hall
D:13:     layout_basic, hellmonk_vaults_order_and_chaos, uniq_sonja
Temple:   bh_familiar_temple

Skill      XL: |  1  2  3  4  5  6  7  8  9 10 11 12 |
---------------+-------------------------------------+-----
Conjurations   | 1 2 3 4 5 6 8 |  8.9
Dodging        | 2 3 4 5 6 |  6.3
Fighting       | 1 2 3 4 5 6 7 8 |  8.8
Air Magic      | 3 4 5 6 7 8 9 |  9.2
Spellcasting   | 3 4 5 7 8 9 10 | 10.8
Stealth        | 2 3 4 5 |  5.7
Translocations | 1 2 3 4 5 |  5.7
Short Blades   | 1 |  1.3
Throwing       | 1 |  1.4
Armour         | 1 |  1.1
Evocations     | 1 |  1.1

Action                     |  1- 3 |  4- 6 |  7- 9 | 10-12 | 13-15 || total
---------------------------+-------+-------+-------+-------+-------++-------
  Melee: Whip              |     9 |       |       |       |       ||     9
         Short sword       |     6 |    16 |    12 |    30 |       ||    64
         Punch             |       |       |     1 |       |       ||     1
         Quarterstaff      |       |       |       |     6 |       ||     6
         Quick blade       |       |       |       |    10 |       ||    10
   Cast: Shock             |    76 |   160 |   226 |   537 |       ||   999
         Static Discharge  |       |     9 |    32 |   108 |       ||   149
         Airstrike         |       |       |     1 |    24 |       ||    25
         Blink             |       |       |     1 |     3 |       ||     4
         Gell's Gravitas   |       |       |     1 |       |       ||     1
         Conjure Ball Ligh |       |       |       |    16 |     4 ||    20
         Iskenderun's Batt |       |       |       |     3 |       ||     3
  Evoke: Wand              |       |       |     4 |     5 |       ||     9
    Use: Potion            |     3 |       |       |     7 |       ||    10
         Scroll            |       |     7 |     1 |     8 |       ||    16
 Armour: Robe              |    35 |    32 |    86 |    11 |       ||   164
         Troll leather arm |       |       |       |   103 |       ||   103
         Acid dragon scale |       |       |       |   299 |    14 ||   313
  Dodge: Dodged            |    18 |    21 |    47 |   202 |     2 ||   290

Table legend: (Time is in decaauts)
 A = Elapsed time spent in this place.
 B = Non-inter-level travel time spent in this place.
 C = Inter-level travel time spent in this place.
 D = Time resting spent in this place.
 E = Time spent auto-exploring this place.
 F = Levels seen in this place.
 G = Mean time per level.
                   A        B        C        D        E       F      G
               +--------+--------+--------+--------+--------+-----+--------+
         Total |  17567 |  16934 |    633 |   1109 |  13345 |  14 | 1254.8 |
       Dungeon |  17527 |  16932 |    595 |   1109 |  13345 |  13 | 1348.2 |
        Temple |     39 |      2 |     37 |      0 |      0 |   1 |   39.0 |
               +--------+--------+--------+--------+--------+-----+--------+

Top non-repeatable levels by time:
     D:7: 2486 daAuts
     D:6: 1786 daAuts
     D:1: 1564 daAuts
    D:11: 1522 daAuts
     D:4: 1480 daAuts
    D:12: 1428 daAuts
     D:5: 1336 daAuts
     D:9: 1320 daAuts
    D:10: 1303 daAuts
     D:3: 1278 daAuts
     D:8: 965 daAuts
     D:2: 945 daAuts
    D:13: 109 daAuts
  Temple: 39 daAuts
